 Dungeon Crawl Stone Soup version 0.29.1-15-g9cfb28693d (webtiles) character file.

Game seed: 15288284290382161380

32 Kaboulah the Sneak (level 3, -1/19 HPs)
             Began as a Kobold Enchanter on Apr 30, 2023.
             Succumbed to an adder's poison
             ... on level 2 of the Dungeon.
             The game lasted 00:07:30 (1196 turns).

Kaboulah the Sneak (Kobold Enchanter)               Turns: 1196, Time: 00:07:30

Health: -1/19      AC:  2    Str:  5    XL:     3   Next: 42%
Magic:  6/6        EV: 15    Int: 16    God:
Gold:   25         SH:  0    Dex: 17    Spells: 6/6 levels left

rFire   . . .      SeeInvis .   a - +1 dagger
rCold   . . .      Faith    .   (no shield)
rNeg    . . .      Spirit   .   b - +0 robe
rPois   .          Reflect  .   (no helmet)
rElec   .          Harm     .   (no cloak)
rCorr   .          Rampage  .   (no gloves)
Will    .....                   (no boots)
Stlth   ++++......              (no amulet)
HPRegen 0.06/turn               (no ring)
MPRegen 0.10/turn               (no ring)

@: lethally poisoned (-1 -> -14), invisible
A: small, no large weapons, nightstalker 3
a: no special abilities


You were on level 2 of the Dungeon.
You visited 1 branch of the dungeon, and saw 2 of its levels.

You collected 25 gold pieces.

Inventory:

Hand Weapons
 a - a +1 dagger (weapon)
Missiles
 e - 2 datura-tipped darts (quivered)
Armour
 b - a +0 robe (worn)
Scrolls
 f - a scroll of teleportation {unknown}
 g - a scroll of identify {unknown}
Potions
 c - a potion of invisibility
 d - a potion of attraction {unknown}


   Skills:
 * Level 2.3 Short Blades
 * Level 3.0 Dodging
 * Level 5.1 Stealth
 - Level 2.1 Spellcasting
 - Level 3.0 Hexes


You had 6 spell levels left.
You didn't know any spells.
Your spell library contained the following spells:

 Spells                   Type           Power      Damage    Failure   Level
 Slow                     Hex            44%        N/A       6%          1
 Ensorcelled Hibernation  Hex/Ice        12%        N/A       17%         2
 Confusing Touch          Hex            11%        N/A       19%         3
 Tukima's Dance           Hex            11%        N/A       19%         3
 Dazzling Flash           Conj/Hex       12%        N/A       32%         3
 Vampiric Draining        Necr           1%         2d6       52%         3


Dungeon Overview and Level Annotations

Branches:
Dungeon (2/15)

Altars:


Innate Abilities, Weirdness & Mutations

You are small and have problems with some larger weapons.
You are completely attuned to the shadows.


Message History

The quokka is heavily wounded.
The quokka bites you.
You hit the quokka but do no damage.
The quokka is heavily wounded.
The quokka bites you but does no damage.
You hit the quokka.
You kill the quokka!
You hit the endoplasm.
The endoplasm is almost dead.
The endoplasm completely misses you.
You hit the endoplasm.
You kill the endoplasm!
Your Dodging skill increases to level 3!
You close the door.
You start resting.
HP restored.
You open the door.
There is an open door here.
g - a scroll labelled ODATSY DOZIFI An adder comes into view.
A hobgoblin comes into view.
The adder hisses angrily.
The hobgoblin shouts!
You closely miss the adder. The adder closely misses you.
You closely miss the adder. The adder bites you. x2
You are poisoned.
The adder poisons you! The hobgoblin attacks as you move away!
The hobgoblin closely misses you.
You feel sick. The adder completely misses you.
You feel sick.
You barely miss the hobgoblin.
You feel sick. The adder bites you.
You are lethally poisoned!
The adder poisons you! The hobgoblin misses you.
You feel sick. The adder bites you.
* * * LOW HITPOINT WARNING * * *
You are more poisoned.
The adder poisons you!
* * * LOW HITPOINT WARNING * * *
You feel very sick.
You fade into invisibility!
You die...

#....##.#
..######'####.... ..
........#....~
........#....~
..............~~⌠...
...............⌠~~...
........#...~~....~..
.......†#..~.(~~..~..
####.......~@g..~~...
#........~S.......
##........~~......
#.....###~~~~~~##
#....#####~~~~##
#........######
#######.## ... .###


You could see an adder (unable to see you) and a hobgoblin (unable to see you).

Vanquished Creatures
  A worm (D:2)
  A bat (D:1)
  5 endoplasms
  A giant cockroach (D:2)
  3 goblins (D:1)
  3 hobgoblins (D:1)
  2 kobolds (D:1)
  2 quokkas
  2 ball pythons
  A frilled lizard (D:1)
  3 rats (D:1)
24 creatures vanquished.

Notes
Turn   | Place    | Note
-------+----------+-------------------------------------------
     0 | D:1      | Kaboulah the Kobold Enchanter began the quest for the Orb.
     0 | D:1      | Reached XP level 1. HP: 10/10 MP: 3/3
   217 | D:1      | Reached XP level 2. HP: 15/15 MP: 5/5
   236 | D:1      | Found a faded altar of an unknown god.
   537 | D:1      | Reached XP level 3. HP: 19/19 MP: 6/6
   964 | D:2      | Reached skill level 5 in Stealth
  1196 | D:2      | Succumbed to an adder's poison

Illustrated notes

Levels and vault maps discovered:
D:1:      heliophobic_arrival_enchanted_forest, layout_basic,
          basic_ecumenical_altar, serial_glass, glass_columns_c,
          glass_columns_a, minmay_strange_pillars, feat_on_display,
          item_on_display_a, chequers_arboretum
D:2:      cheibrodos_helix_gallery, layout_basic, corexii_corridor_pit

Skill      XL: |  1  2  3 |
---------------+----------+-----
Short Blades   | 2 |  2.3
Stealth        | 5 |  5.1
Dodging        | 3 |  3.0
Spellcasting   | |  2.1
Hexes          | |  3.0

Action                   || total
-------------------------++-------
Melee: Dagger            ||    57
  Use: Potion            ||     1
 Stab: Sleeping          ||    10
Armor: Robe              ||     7
Dodge: Dodged            ||    32
